Map: Odyssey LE

Players

Lambo

  • Race: Zerg Zerg
  • League: Master
  • Spawn Location: 11:00

Majestuoso (MajeStic) - Winner!

  • Race: Protoss Protoss
  • Spawn Location: 5:00

Event: WESG Barcelona European Finals 2017

VOD

Have the link to the VOD?

Description

Time

  • Played on: Nov. 24, 2017, 9:56 a.m.
  • Length: 9:07

All games in this series

Show
View Real Time Build Order
Export as new Build Order

Lambo Zerg 

Build Orders: Hatch First 

Get SALT Encoding   

  12  0:01  Drone  
  13  0:13  Overlord  
  13  0:17  Drone  
  14  0:31  Drone x2  
  16  0:37  Drone  
  17  0:51  Hatchery  
  17  0:55  Drone  
  17  0:57  Drone  
  18  1:09  Extractor  
  17  1:12  Spawning Pool  
  17  1:15  Drone  
  17  1:19  Drone  
  18  1:30  Drone  
  19  1:42  Overlord  
  19  1:51  Drone  
  20  1:59  Queen  
  22  2:02  Zergling x2  
  22  2:03  Zergling x2, Queen  
  26  2:09  Metabolic Boost  
  26  2:11  Drone  
  26  2:14  Drone  
  28  2:23  Drone  
  28  2:26  Drone  
  30  2:38  Hatchery  
  30  2:42  Drone  
  30  2:47  Pneumatized Carapace  
  30  2:52  Drone  
  30  2:55  Overlord  
  31  2:59  Drone  
  31  3:01  Zergling x2  
  33  3:09  Drone x2  
  35  3:14  Drone x4  
  35  3:16  Overlord  
  39  3:20  Drone  
  39  3:21  Drone  
  41  3:34  Queen  
  41  3:37  Drone  
  44  3:41  Overlord  
  44  3:51  Drone  
  44  3:52  Drone x3  
  44  3:54  Overlord  
  44  3:55  Drone x2, Overlord  
  50  3:57  Lair  
  50  4:03  Drone  
  50  4:09  Extractor  
  50  4:14  Baneling Nest  
  50  4:15  Drone  
  50  4:16  Drone x2, Overlord  
  52  4:17  Zergling x4  
  52  4:18  Zergling x4  
  52  4:22  Zergling x4  
  57  4:27  Zergling x2  
  58  4:35  Drone  
  58  4:36  Roach Warren  
  58  4:43  Drone x2  
  60  4:55  Zergling x14  
  60  4:56  Zergling x2  
  60  4:58  Baneling x5  
  60  4:59  Baneling  
  67  5:05  Zergling x10  
  71  5:10  Zergling x2  
  71  5:11  Overseer  
  71  5:12  Evolution Chamber  
  71  5:16  Drone x2  
  73  5:25  Roach x3  
  79  5:29  Drone x3, Overlord  
  79  5:32  Overlord  
  81  5:39  Drone x2  
  81  5:41  Overlord  
  81  5:42  Baneling  
  79  5:43  Baneling x4  
  79  5:45  Overlord, Extractor  
  79  5:46  Overlord  
  79  5:48  Baneling x2  
  78  5:50  Spine Crawler, Overlord  
  78  5:53  Drone x4  
  81  5:57  Queen x2  
  81  5:58  Roach  
  81  5:59  Roach  
  81  6:01  Drone  
  81  6:02  Drone  
  81  6:03  Zergling x2, Roach  
  81  6:04  Zergling x2  
  95  6:08  Zergling x4, Roach  
  99  6:12  Drone x2  
  99  6:14  Extractor  
  99  6:15  Roach  
  102  6:20  Roach x2  
  105  6:30  Zergling x8, Roach  
  105  6:31  Drone x4  
  105  6:32  Drone  
  114  6:36  Drone  
  114  6:38  Hatchery  
  111  6:42  Baneling  
  111  6:43  Baneling x2  
  111  6:44  Drone x3  
  114  6:49  Extractor  
  113  6:57  Drone x3  
  116  7:05  Drone  
  116  7:06  Drone x4  
  115  7:15  Drone x2  
  112  7:16  Glial Reconstitution  
  112  7:25  Drone x4  
  112  7:26  Infestation Pit, Hatchery  
  112  7:28  Baneling x3  
  112  7:29  Extractor  
  112  7:30  Zergling x8  
  112  7:34  Zergling x2  
  112  7:35  Zergling x8  
  121  7:41  Overlord  
  121  7:42  Baneling  
  121  7:44  Overlord  
  121  7:47  Overlord  
  121  7:51  Ravager x2  
  121  7:54  Zergling x2  
  121  7:55  Zergling x10  
  121  7:57  Baneling x6  
  128  8:00  Queen x3  
  128  8:01  Zergling x2  
  128  8:02  Zergling x2  
  128  8:04  Ravager  
  138  8:05  Zergling x4  
  138  8:06  Zergling x4  
  138  8:11  Zergling x4  
  135  8:13  Zergling x2  
  135  8:14  Zergling x4  
  135  8:16  Zergling x2, Roach x2  
  135  8:19  Zergling x2, Roach x2  
  131  8:23  Roach  
  131  8:24  Roach  
  131  8:25  Roach  
  119  8:28  Roach x2  
  119  8:29  Zergling x2, Roach  
  119  8:30  Roach  
  119  8:33  Roach  
  124  8:34  Roach x2  
  124  8:37  Roach x2  
  117  8:41  Roach  
  117  8:42  Zergling x2, Roach  
  117  8:48  Roach x2  
Show
View Real Time Build Order
Export as new Build Order

Majestuoso Protoss - Winner!

Build Orders: 1 Gate Expand, Zealot Archon, Archon Drop 

Get SALT Encoding   

  12  0:00  Probe  
  13  0:12  Probe  
  14  0:18  Pylon  
  14  0:24  Probe (Chrono Boost)  
  15  0:36  Probe (Chrono Boost)  
  15  0:38  Gateway  
  17  0:45  Probe (Chrono Boost)  
  17  0:47  Assimilator  
  17  0:51  Probe  
  18  1:03  Probe (Chrono Boost)  
  20  1:14  Probe (Chrono Boost)  
  20  1:24  Nexus  
  20  1:34  Cybernetics Core  
  20  1:36  Probe  
  21  1:42  Assimilator  
  21  1:49  Pylon  
  21  1:50  Probe  
  22  2:02  Probe  
  23  2:11  Warp Gate, Adept (Chrono Boost)  
  23  2:15  Probe  
  26  2:20  Twilight Council  
  26  2:28  Probe (Chrono Boost)  
  27  2:34  Stalker  
  29  2:37  Probe (Chrono Boost)  
  32  2:47  Probe x2 (Chrono Boost)  
  32  2:51  Probe x2  
  33  2:56  Resonating Glaives (Chrono Boost)  
  34  3:03  Probe x2  
  36  3:13  Gateway  
  36  3:15  Probe  
  36  3:17  Gateway  
  36  3:18  Probe  
  38  3:23  Pylon  
  38  3:27  Probe  
  38  3:30  Probe  
  40  3:37  Pylon  
  40  3:39  Probe  
  41  3:42  Probe  
  41  3:43  Assimilator  
  41  3:46  Gateway  
  42  3:51  Probe  
  42  3:53  Robotics Facility  
  42  3:54  Probe  
  44  4:01  Assimilator  
  44  4:03  Probe  
  44  4:06  Probe  
  46  4:16  Probe  
  47  4:18  Probe  
  47  4:23  Adept x3  
  54  4:31  Nexus  
  54  4:34  Templar Archives  
  54  4:37  Pylon  
  54  4:39  Probe  
  55  4:48  Warp Prism (Chrono Boost)  
  55  4:51  Adept  
  59  4:53  Adept  
  59  4:57  Adept  
  63  5:02  Adept  
  63  5:04  Probe  
  66  5:10  Gateway  
  66  5:15  Gateway  
  66  5:16  Gateway  
  66  5:24  Gateway  
  66  5:30  Probe  
  66  5:33  Probe  
  62  5:48  Probe x3  
  65  5:51  High Templar x2  
  65  5:52  High Templar x2  
  65  5:54  Immortal (Chrono Boost)  
  65  5:55  Charge  
  65  5:56  Archon x2  
  77  6:00  Probe x2 (Chrono Boost)  
  77  6:01  Probe (Chrono Boost)  
  77  6:04  Shield Battery  
  80  6:07  Pylon  
  80  6:10  Probe x3 (Chrono Boost)  
  83  6:16  Shield Battery  
  83  6:27  Zealot x3  
  83  6:29  Probe  
  90  6:35  Pylon  
  90  6:37  Probe, Pylon  
  90  6:38  Probe, Pylon  
  90  6:39  Forge, Assimilator  
  92  6:48  Probe  
  92  6:51  Assimilator  
  92  6:53  Probe  
  92  6:54  Immortal (Chrono Boost)  
  98  6:55  Pylon  
  98  6:57  Pylon  
  98  7:01  Sentry  
  98  7:02  Sentry  
  98  7:06  Zealot  
  98  7:07  Probe x3  
  91  7:18  Protoss Ground Weapons Level 1 (Chrono Boost)  
  91  7:19  Probe, High Templar x2  
  91  7:20  High Templar x2  
  100  7:26  Archon x2, Zealot x3  
  100  7:27  Zealot  
  100  7:29  Probe x2  
  110  7:31  Probe  
  110  7:33  Photon Cannon  
  111  7:41  Probe x2  
  113  7:45  Probe  
  113  7:47  High Templar x2, Zealot x3  
  124  7:53  Archon, Zealot x3  
  124  7:55  Probe x2  
  124  7:57  Probe  
  125  8:14  Zealot x3  
  125  8:18  Zealot x2  
  121  8:20  Zealot  
  121  8:21  Zealot  
  121  8:25  Immortal  
  115  8:33  Zealot x2  
  115  8:34  Zealot x4  
  119  8:43  Zealot x2  
  119  8:45  Probe  
  110  8:54  Zealot x2  
  110  8:55  Zealot x3  
  110  9:02  Zealot  
Tags
 
Add a new tag
Caveats
  • Supply blocks, unpowered buildings, or Contaminate may cause inaccurate times.
  • Supply counts are checked every 10 seconds.